cohdb
Replays
Latest Replays
All Replays
Popular Replays
Top Player Replays
Match Explorer
How It Works
Community
CoH3 Stats
Reddit
Sign in to upload your games and track your stats! →
Sign in with Steam
Match 38262301
Unlisted
Match 38262301
Overview
Messages
Build Orders
End
Construct Barracks
Selects Advanced Infantry Battlegroup
Riflemen Squad
Riflemen Squad
Grenade Package
Riflemen Squad
Riflemen Squad
Infantry Support Center
Selects Convert to Ranger Squad
Convert to Ranger Squad
Construct Motor Pool
Selects Designate Assault Position
M24 Chaffee Light Tank
Construct Medical Station
Selects Ammunition Storage
M24 Chaffee Light Tank
Selects Ranger Weapon Training
Advanced Logistics
Engineer Squad
Selects M2A1 105mm Howitzer Emplacement
M1 Anti-tank Gun Team
Construct Tank Depot
M18 Hellcat Tank Destroyer
Selects 155mm Rapid Artillery Barrage
Convert to Ranger Squad
Convert to Ranger Squad
155mm Rapid Artillery Barrage
M4A1 Sherman Medium Tank
Icantcraftthis
[DOOD] Big Homie Pipe Down
deadsadbadmad
Alessandro-9891
0
0
Comments
sign in to comment!
No comments posted yet!